[ PARTIDA AOE2 · #475872540 ]
Team RMSarracenos vs Persians
Equipo del jugador · DERR
[ ANÁLISIS DE REPETICIÓN · EXTRAÍDO DE LA PARTIDA GRABADA ]
Feudal
9:32
Castillos
31:08
Imperial
—
| APM promedio | 26.8 |
| APM pico | 63 |
| eAPM promedio | 15.5 |
| Aldeanos / militares | 104 / 48 |
Foco
⚔️ 22.9% · 🌾 77.1%
Archer ×24 · Skirmisher ×23 · Militia ×1
Feudal
10:58
Castillos
14:53
Imperial
31:18
| APM promedio | 37.7 |
| APM pico | 84 |
| eAPM promedio | 17.4 |
| Aldeanos / militares | 190 / 120 |
Foco
⚔️ 23.5% · 🌾 76.5%
Knight ×75 · Scout Cavalry ×23 · Camel Scout ×19 · Trebuchet (Packed) ×3
Feudal
10:23
Castillos
14:58
Imperial
—
| APM promedio | 35.4 |
| APM pico | 72 |
| eAPM promedio | 11.2 |
| Aldeanos / militares | 38 / 51 |
Foco
⚔️ 28.9% · 🌾 71.1%
Monk ×31 · Battering Ram ×10 · Throwing Axeman ×8 · Mangonel ×2
Feudal
9:07
Castillos
25:12
Imperial
33:13
| APM promedio | 41.7 |
| APM pico | 67 |
| eAPM promedio | 21.7 |
| Aldeanos / militares | 138 / 124 |
Foco
⚔️ 39.7% · 🌾 60.3%
Spearman ×81 · War Wagon ×18 · Skirmisher ×18 · Trebuchet (Packed) ×4 · Fire Lancer ×3
Feudal
10:46
Castillos
15:28
Imperial
34:56
| APM promedio | 39.1 |
| APM pico | 77 |
| eAPM promedio | 20.6 |
| Aldeanos / militares | 191 / 141 |
Foco
⚔️ 25.2% · 🌾 74.8%
Monaspa ×134 · Knight ×4 · Trebuchet (Packed) ×2 · Monk ×1
Feudal
11:11
Castillos
14:53
Imperial
32:28
| APM promedio | 30.2 |
| APM pico | 63 |
| eAPM promedio | 20.2 |
| Aldeanos / militares | 164 / 2 |
Foco
⚔️ 25.3% · 🌾 74.7%
Unknown (1944) ×181 · Monk ×1 · Spearman ×1
Feudal
9:46
Castillos
14:23
Imperial
31:38
| APM promedio | 41.0 |
| APM pico | 92 |
| eAPM promedio | 20.8 |
| Aldeanos / militares | 156 / 151 |
Foco
⚔️ 23.2% · 🌾 76.8%
Longbowman ×146 · Trebuchet (Packed) ×3 · Mangonel ×2
Feudal
9:45
Castillos
21:12
Imperial
38:54
| APM promedio | 50.1 |
| APM pico | 89 |
| eAPM promedio | 18.3 |
| Aldeanos / militares | 136 / 207 |
Foco
⚔️ 31.7% · 🌾 68.3%
Knight ×173 · Scout Cavalry ×34
Mapa de la partida
Recursos iniciales + cada clic de construcción. Líneas = muros · curvas = relieve. ◆ oro · ⬟ piedra · ● bayas · ✦ reliquia · ◌ hueco del cierre
Tu base· ✓ Cerrada en 31:08 · 6t muro · 2 puerta(s)
Base de Alvaro· ✓ Cerrada en 14:53 · 0t muro · 2 puerta(s)
Base de JimmyButler_AoE· ✓ Cerrada en 14:58 · 1t muro · 3 puerta(s)
Base de [CL] Valen· ✓ Cerrada en 25:12 · 12t muro · 2 puerta(s)
Base de [DH]Misratronic· ✓ Cerrada en 15:28 · 0t muro · 3 puerta(s)
Base de Kuecken_das_Vollstrecker· ✓ Cerrada en 14:53 · 0t muro · 2 puerta(s)
Base de Leo.md· ✓ Cerrada en 14:23 · 30t muro · 5 puerta(s)
Base de HopeDerWal.AoE· ✓ Cerrada en 21:12 · 22t muro · 4 puerta(s)
Terreno inicial suavizado · ◌ = hueco del cierre detectado · pasá el cursor para detalles
Inputs por minuto
— TimmyDerWal.AoE - - Alvaro
Build order — TimmyDerWal.AoE
Primeras 150 de 223 acciones detectadas
| 0:01 | Crear | Villager (Male) |
| 0:01 | Crear | Villager (Male) |
| 0:03 | Construir | House |
| 0:04 | Construir | House |
| 0:05 | Crear | Villager (Male) |
| 0:05 | Crear | Villager (Male) |
| 1:30 | Crear | Villager (Male) |
| 1:30 | Crear | Villager (Male) |
| 1:46 | Construir | Lumber Camp |
| 1:56 | Crear | Villager (Male) |
| 1:56 | Crear | Villager (Male) |
| 2:22 | Crear | Villager (Male) |
| 2:22 | Crear | Villager (Male) |
| 2:22 | Crear | Villager (Male) |
| 2:53 | Crear | Villager (Male) |
| 2:54 | Crear | Villager (Male) |
| 2:54 | Crear | Villager (Male) |
| 2:57 | Crear | Villager (Male) |
| 2:57 | Crear | Villager (Male) |
| 3:27 | Crear | Villager (Male) |
| 3:27 | Crear | Villager (Male) |
| 3:51 | Construir | House |
| 3:52 | Construir | House |
| 4:04 | Crear | Villager (Male) |
| 4:04 | Crear | Villager (Male) |
| 4:12 | Crear | Villager (Male) |
| 4:12 | Crear | Villager (Male) |
| 4:32 | Crear | Villager (Male) |
| 4:33 | Crear | Villager (Male) |
| 4:58 | Construir | Mill |
| 5:21 | Crear | Villager (Male) |
| 5:21 | Crear | Villager (Male) |
| 5:21 | Crear | Villager (Male) |
| 5:23 | Crear | Villager (Male) |
| 5:24 | Crear | Villager (Male) |
| 5:47 | Crear | Villager (Male) |
| 5:47 | Crear | Villager (Male) |
| 7:22 | Investigar | Feudal Age |
| 7:26 | Construir | Mining Camp |
| 8:12 | Construir | Barracks |
| 8:27 | Crear | Villager (Male) |
| 8:27 | Crear | Villager (Male) |
| 9:32 | Edad | Edad Feudal |
| 9:34 | Construir | Archery Range |
| 9:36 | Construir | Archery Range |
| 9:39 | Crear | Villager (Male) |
| 9:49 | Investigar | Double-Bit Axe |
| 10:19 | Crear | Archer |
| 10:19 | Crear | Archer |
| 10:28 | Construir | Palisade Wall |
| 10:29 | Construir | Palisade Wall |
| 10:32 | Crear | Villager (Male) |
| 10:33 | Crear | Villager (Male) |
| 10:34 | Construir | Blacksmith |
| 10:56 | Crear | Militia |
| 10:59 | Construir | House |
| 11:06 | Crear | Archer ×3 |
| 11:13 | Construir | House |
| 11:14 | Crear | Villager (Male) |
| 11:21 | Construir | House |
| 11:38 | Crear | Archer |
| 12:03 | Investigar | Fletching |
| 12:34 | Crear | Archer |
| 12:51 | Crear | Villager (Male) |
| 12:52 | Crear | Villager (Male) |
| 13:02 | Crear | Archer |
| 13:02 | Crear | Archer |
| 13:14 | Construir | Farm |
| 13:15 | Construir | Farm |
| 13:37 | Crear | Archer |
| 13:37 | Crear | Archer |
| 13:41 | Crear | Villager (Male) |
| 13:41 | Crear | Villager (Male) |
| 13:59 | Crear | Archer |
| 13:59 | Crear | Archer |
| 14:00 | Crear | Archer |
| 14:01 | Crear | Villager (Male) |
| 14:21 | Crear | Archer ×2 |
| 14:28 | Crear | Villager (Male) |
| 14:35 | Crear | Villager (Male) |
| 14:41 | Construir | Market |
| 14:54 | Crear | Archer |
| 15:17 | Crear | Archer ×2 |
| 15:18 | Crear | Archer ×2 |
| 15:25 | Crear | Villager (Male) |
| 15:30 | Construir | Watch Tower |
| 15:55 | Crear | Villager (Male) |
| 15:55 | Crear | Villager (Male) |
| 15:57 | Construir | Farm |
| 16:00 | Construir | Farm |
| 16:01 | Construir | Farm |
| 16:20 | Crear | Archer |
| 16:30 | Construir | House |
| 16:31 | Construir | House |
| 16:34 | Construir | Farm |
| 16:35 | Construir | Farm |
| 16:38 | Investigar | Horse Collar |
| 16:42 | Construir | Farm |
| 16:58 | Construir | House |
| 16:59 | Construir | House |
| 17:01 | Construir | House |
| 17:05 | Crear | Villager (Male) |
| 17:07 | Crear | Archer ×2 |
| 18:37 | Construir | Watch Tower |
| 18:43 | Crear | Villager (Male) |
| 18:44 | Crear | Villager (Male) |
| 19:01 | Construir | House |
| 19:18 | Crear | Villager (Male) |
| 19:18 | Crear | Villager (Male) |
| 19:46 | Crear | Villager (Male) |
| 19:46 | Crear | Villager (Male) |
| 19:50 | Investigar | Wheelbarrow |
| 19:56 | Construir | House |
| 20:12 | Crear | Villager (Male) |
| 20:13 | Crear | Villager (Male) |
| 21:45 | Investigar | Loom |
| 22:06 | Crear | Villager (Male) |
| 22:06 | Crear | Villager (Male) |
| 22:07 | Crear | Villager (Male) |
| 22:07 | Crear | Villager (Male) |
| 24:20 | Crear | Villager (Male) |
| 24:20 | Crear | Villager (Male) |
| 24:20 | Crear | Villager (Male) |
| 24:21 | Crear | Villager (Male) |
| 24:39 | Construir | Mining Camp |
| 24:48 | Crear | Villager (Male) |
| 26:24 | Construir | Farm |
| 26:24 | Construir | Farm |
| 26:25 | Construir | Farm |
| 26:25 | Construir | Farm |
| 26:25 | Construir | Farm |
| 26:31 | Construir | Palisade Wall |
| 26:39 | Crear | Villager (Male) |
| 26:39 | Crear | Villager (Male) |
| 28:01 | Investigar | Gold Mining |
| 28:28 | Investigar | Castle Age |
| 28:31 | Crear | Skirmisher |
| 28:31 | Crear | Skirmisher |
| 28:31 | Crear | Skirmisher |
| 29:18 | Crear | Villager (Male) |
| 29:18 | Crear | Villager (Male) |
| 29:26 | Construir | Archery Range |
| 29:55 | Crear | Skirmisher |
| 31:08 | Edad | Edad de los Castillos |
| 31:09 | Investigar | Elite Skirmisher (upgrade) |
| 31:12 | Crear | Skirmisher |
| 31:46 | Crear | Skirmisher |
| 31:46 | Crear | Skirmisher |
| 31:54 | Construir | Town Center |
| 32:13 | Crear | Skirmisher |
Build order — Alvaro
Primeras 150 de 369 acciones detectadas
| 0:01 | Crear | Villager (Male) ×5 |
| 0:01 | Crear | Villager (Male) ×5 |
| 0:02 | Construir | House |
| 0:04 | Construir | House |
| 1:23 | Crear | Villager (Male) |
| 1:23 | Crear | Villager (Male) |
| 1:41 | Construir | Lumber Camp |
| 1:54 | Crear | Villager (Male) |
| 1:54 | Crear | Villager (Male) |
| 2:32 | Crear | Villager (Male) |
| 2:32 | Crear | Villager (Male) |
| 3:01 | Crear | Villager (Male) |
| 3:01 | Crear | Villager (Male) |
| 3:27 | Crear | Villager (Male) |
| 3:27 | Crear | Villager (Male) |
| 3:41 | Crear | Villager (Male) ×2 |
| 3:41 | Crear | Villager (Male) ×2 |
| 3:47 | Construir | House |
| 3:55 | Construir | House |
| 4:01 | Crear | Villager (Male) |
| 4:01 | Crear | Villager (Male) |
| 4:06 | Construir | House |
| 4:56 | Crear | Villager (Male) |
| 4:56 | Crear | Villager (Male) |
| 4:56 | Crear | Villager (Male) |
| 4:56 | Crear | Villager (Male) |
| 4:59 | Construir | House |
| 6:40 | Crear | Villager (Male) |
| 7:13 | Crear | Villager (Male) |
| 7:13 | Crear | Villager (Male) |
| 7:15 | Crear | Villager (Male) |
| 8:11 | Construir | Mill |
| 8:17 | Construir | Mining Camp |
| 8:30 | Crear | Villager (Male) |
| 8:45 | Investigar | Feudal Age |
| 9:11 | Construir | House |
| 9:12 | Construir | House |
| 10:19 | Construir | House |
| 10:49 | Crear | Villager (Male) |
| 10:49 | Crear | Villager (Male) |
| 10:58 | Edad | Edad Feudal |
| 10:59 | Construir | Market |
| 11:01 | Construir | Blacksmith |
| 11:13 | Investigar | Double-Bit Axe |
| 11:42 | Crear | Villager (Male) |
| 12:27 | Investigar | Castle Age |
| 12:27 | Investigar | Castle Age |
| 13:05 | Investigar | Horse Collar |
| 13:08 | Construir | Farm |
| 13:12 | Construir | Farm |
| 13:14 | Construir | Farm |
| 13:16 | Construir | Farm |
| 13:19 | Construir | Farm |
| 13:25 | Construir | Farm |
| 13:28 | Construir | Farm |
| 14:39 | Crear | Villager (Male) |
| 14:39 | Crear | Villager (Male) |
| 14:53 | Edad | Edad de los Castillos |
| 14:56 | Construir | Town Center |
| 14:57 | Crear | Villager (Male) |
| 15:09 | Construir | Town Center |
| 15:15 | Investigar | Heavy Plow |
| 15:20 | Construir | Farm |
| 15:31 | Investigar | Bow Saw |
| 15:31 | Investigar | Bow Saw |
| 16:02 | Crear | Villager (Male) |
| 16:04 | Crear | Villager (Male) |
| 16:11 | Construir | Farm |
| 16:16 | Construir | Farm |
| 16:19 | Construir | Farm |
| 16:21 | Construir | Farm |
| 16:24 | Crear | Villager (Male) |
| 16:32 | Construir | Farm |
| 16:43 | Crear | Villager (Male) |
| 16:43 | Crear | Villager (Male) |
| 16:56 | Crear | Villager (Male) |
| 16:56 | Crear | Villager (Male) |
| 16:57 | Construir | Farm |
| 17:10 | Crear | Villager (Male) |
| 17:10 | Crear | Villager (Male) |
| 17:22 | Crear | Villager (Male) |
| 17:22 | Crear | Villager (Male) |
| 17:23 | Crear | Villager (Male) |
| 17:26 | Construir | Farm |
| 17:35 | Construir | Farm |
| 17:39 | Construir | Farm |
| 17:41 | Crear | Villager (Male) |
| 17:41 | Crear | Villager (Male) |
| 17:43 | Crear | Villager (Male) |
| 17:43 | Crear | Villager (Male) |
| 17:48 | Construir | Farm |
| 17:51 | Crear | Villager (Male) |
| 17:51 | Crear | Villager (Male) |
| 17:57 | Construir | Farm |
| 17:58 | Construir | Farm |
| 18:04 | Crear | Villager (Male) |
| 18:04 | Crear | Villager (Male) |
| 18:13 | Construir | Farm |
| 18:15 | Construir | Farm |
| 18:16 | Crear | Villager (Male) |
| 18:20 | Construir | House |
| 18:21 | Construir | House |
| 18:25 | Crear | Villager (Male) |
| 18:26 | Crear | Villager (Male) |
| 18:37 | Crear | Villager (Male) |
| 18:40 | Construir | Farm |
| 18:43 | Construir | Farm |
| 18:47 | Construir | Farm |
| 18:48 | Construir | Farm |
| 18:50 | Crear | Villager (Male) ×3 |
| 18:50 | Crear | Villager (Male) ×3 |
| 19:03 | Construir | Mining Camp |
| 19:13 | Crear | Villager (Male) ×3 |
| 19:15 | Construir | Farm |
| 19:20 | Construir | House |
| 19:20 | Construir | House |
| 19:21 | Crear | Villager (Male) |
| 19:23 | Construir | Farm |
| 19:42 | Construir | Farm |
| 19:44 | Construir | Farm |
| 19:48 | Construir | Farm |
| 19:48 | Crear | Villager (Male) |
| 19:48 | Crear | Villager (Male) |
| 19:49 | Crear | Villager (Male) |
| 19:54 | Construir | Farm |
| 19:57 | Crear | Villager (Male) |
| 19:57 | Crear | Villager (Male) |
| 20:01 | Construir | House |
| 20:01 | Construir | House |
| 20:12 | Investigar | Wheelbarrow |
| 20:14 | Crear | Villager (Male) |
| 20:14 | Crear | Villager (Male) |
| 20:20 | Construir | Farm |
| 20:23 | Construir | Farm |
| 20:27 | Crear | Villager (Male) |
| 20:27 | Crear | Villager (Male) |
| 20:32 | Construir | House |
| 20:36 | Construir | House |
| 20:38 | Construir | House |
| 20:39 | Crear | Villager (Male) |
| 20:39 | Crear | Villager (Male) |
| 20:41 | Construir | Farm |
| 21:01 | Crear | Villager (Male) |
| 21:01 | Crear | Villager (Male) |
| 21:02 | Crear | Villager (Male) |
| 21:03 | Construir | Farm |
| 21:15 | Crear | Villager (Male) |
| 21:16 | Crear | Villager (Male) |
| 21:33 | Construir | Town Center |
| 22:02 | Crear | Villager (Male) |
Build order — JimmyButler_AoE
113 acciones detectadas en el replay
| 0:02 | Crear | Villager (Male) ×4 |
| 0:02 | Crear | Villager (Male) ×4 |
| 0:04 | Construir | House |
| 0:06 | Construir | House |
| 1:36 | Crear | Villager (Male) |
| 2:12 | Crear | Villager (Male) |
| 2:46 | Construir | Lumber Camp |
| 2:48 | Crear | Villager (Male) |
| 3:07 | Crear | Villager (Male) |
| 3:25 | Crear | Villager (Male) |
| 3:41 | Crear | Villager (Male) |
| 3:53 | Crear | Villager (Male) |
| 4:14 | Construir | House |
| 4:17 | Crear | Villager (Male) |
| 4:28 | Crear | Villager (Male) |
| 4:41 | Construir | Mill |
| 4:43 | Crear | Villager (Male) |
| 5:40 | Crear | Villager (Male) |
| 6:01 | Crear | Villager (Male) |
| 6:07 | Crear | Villager (Male) |
| 6:21 | Construir | House |
| 6:46 | Crear | Villager (Male) |
| 7:16 | Crear | Villager (Male) |
| 7:27 | Investigar | Loom |
| 7:43 | Investigar | Feudal Age |
| 7:53 | Construir | Palisade Wall |
| 7:54 | Construir | House |
| 8:46 | Construir | Mining Camp |
| 10:23 | Edad | Edad Feudal |
| 11:00 | Construir | Market |
| 11:03 | Construir | Blacksmith |
| 11:07 | Crear | Villager (Male) |
| 12:18 | Investigar | Castle Age |
| 12:59 | Crear | Villager (Male) |
| 13:19 | Investigar | Double-Bit Axe |
| 14:52 | Crear | Villager (Male) |
| 14:53 | Crear | Villager (Male) |
| 14:58 | Edad | Edad de los Castillos |
| 14:58 | Construir | Mining Camp |
| 15:21 | Construir | Castle |
| 15:31 | Construir | Palisade Wall |
| 15:41 | Construir | House |
| 15:48 | Crear | Villager (Male) |
| 15:52 | Construir | Farm |
| 15:54 | Crear | Villager (Male) |
| 16:27 | Construir | Siege Workshop |
| 16:32 | Construir | Mining Camp |
| 16:35 | Crear | Villager (Male) |
| 16:46 | Investigar | Town Watch |
| 17:16 | Crear | Villager (Male) |
| 17:26 | Investigar | Bow Saw |
| 17:45 | Construir | Outpost |
| 18:01 | Crear | Mangonel |
| 18:21 | Crear | Villager (Male) |
| 18:33 | Crear | Mangonel |
| 18:35 | Crear | Villager (Male) |
| 18:56 | Crear | Villager (Male) |
| 19:06 | Construir | Outpost |
| 19:50 | Construir | Monastery |
| 20:04 | Crear | Throwing Axeman |
| 20:05 | Crear | Throwing Axeman |
| 20:05 | Crear | Throwing Axeman |
| 20:33 | Crear | Monk |
| 20:38 | Crear | Throwing Axeman |
| 20:48 | Crear | Monk |
| 20:53 | Construir | Monastery |
| 23:22 | Construir | Castle |
| 24:24 | Construir | Siege Workshop |
| 25:13 | Construir | Mining Camp |
| 25:30 | Construir | Monastery |
| 26:01 | Crear | Villager (Male) |
| 26:06 | Construir | Mining Camp |
| 26:37 | Crear | Monk |
| 27:40 | Construir | Monastery |
| 27:44 | Construir | Monastery |
| 27:45 | Crear | Battering Ram |
| 28:30 | Crear | Throwing Axeman |
| 28:31 | Crear | Throwing Axeman |
| 28:33 | Investigar | Sanctity |
| 29:10 | Crear | Villager (Male) |
| 29:11 | Crear | Villager (Male) |
| 29:26 | Construir | Castle |
| 29:57 | Construir | Castle |
| 30:17 | Crear | Monk ×5 |
| 30:17 | Crear | Monk ×5 |
| 31:12 | Construir | Mining Camp |
| 31:37 | Construir | Mining Camp |
| 32:29 | Construir | Castle |
| 32:50 | Construir | Castle |
| 32:54 | Crear | Monk ×5 |
| 32:54 | Crear | Monk ×5 |
| 33:02 | Crear | Villager (Male) |
| 33:04 | Construir | Lumber Camp |
| 33:28 | Construir | House |
| 33:34 | Construir | House |
| 33:39 | Construir | House |
| 33:41 | Construir | House |
| 33:49 | Construir | House |
| 33:50 | Construir | Palisade Wall |
| 35:04 | Construir | Castle |
| 35:31 | Construir | Castle |
| 35:46 | Construir | Mining Camp |
| 36:11 | Crear | Monk ×5 |
| 36:12 | Crear | Monk ×2 |
| 36:31 | Crear | Throwing Axeman |
| 36:31 | Crear | Throwing Axeman |
| 36:54 | Construir | Siege Workshop |
| 36:54 | Construir | Siege Workshop |
| 37:12 | Investigar | Fletching |
| 37:57 | Crear | Battering Ram ×4 |
| 37:58 | Crear | Battering Ram ×4 |
| 38:07 | Crear | Battering Ram |
| 39:00 | Crear | Monk |
Build order — [CL] Valen
Primeras 150 de 416 acciones detectadas
| 0:04 | Crear | Villager (Male) |
| 0:04 | Crear | Villager (Male) |
| 0:05 | Crear | Villager (Male) |
| 0:05 | Crear | Villager (Male) |
| 0:05 | Crear | Villager (Male) |
| 0:07 | Construir | House |
| 0:09 | Construir | House |
| 1:26 | Crear | Villager (Male) |
| 1:26 | Crear | Villager (Male) |
| 1:54 | Construir | Lumber Camp |
| 1:57 | Crear | Villager (Male) |
| 1:58 | Crear | Villager (Male) |
| 2:19 | Crear | Villager (Male) |
| 2:19 | Crear | Villager (Male) |
| 2:53 | Crear | Villager (Male) |
| 2:54 | Crear | Villager (Male) |
| 2:54 | Crear | Villager (Male) |
| 3:07 | Construir | House |
| 3:08 | Construir | House |
| 3:51 | Crear | Villager (Male) |
| 4:05 | Construir | House |
| 4:19 | Crear | Villager (Male) |
| 4:39 | Construir | Palisade Wall |
| 4:48 | Crear | Villager (Male) |
| 4:52 | Crear | Villager (Male) |
| 5:02 | Crear | Villager (Male) |
| 5:31 | Crear | Villager (Male) |
| 6:11 | Construir | Mining Camp |
| 6:14 | Investigar | Loom |
| 6:57 | Investigar | Feudal Age |
| 6:57 | Investigar | Feudal Age |
| 7:22 | Construir | Barracks |
| 9:07 | Edad | Edad Feudal |
| 9:08 | Construir | Archery Range |
| 9:11 | Crear | Villager (Male) |
| 9:22 | Investigar | Double-Bit Axe |
| 9:26 | Crear | Spearman |
| 9:33 | Crear | Villager (Male) |
| 9:49 | Crear | Villager (Male) |
| 9:52 | Crear | Skirmisher |
| 9:52 | Crear | Skirmisher |
| 9:55 | Construir | House |
| 9:59 | Construir | House |
| 10:06 | Crear | Villager (Male) |
| 10:28 | Crear | Villager (Male) |
| 10:29 | Crear | Skirmisher |
| 10:51 | Crear | Villager (Male) |
| 11:14 | Construir | Mill |
| 11:16 | Crear | Skirmisher |
| 11:20 | Crear | Villager (Male) |
| 11:34 | Construir | Watch Tower |
| 11:36 | Crear | Skirmisher |
| 11:39 | Crear | Spearman |
| 11:56 | Crear | Skirmisher |
| 12:15 | Construir | House |
| 12:16 | Construir | House |
| 12:24 | Crear | Villager (Male) |
| 12:24 | Crear | Villager (Male) |
| 12:44 | Crear | Spearman |
| 12:58 | Crear | Skirmisher |
| 12:59 | Crear | Villager (Male) |
| 13:03 | Construir | Farm |
| 13:05 | Construir | Farm |
| 13:05 | Construir | Farm |
| 13:06 | Construir | Farm |
| 13:06 | Construir | Farm |
| 13:19 | Construir | Watch Tower |
| 13:26 | Construir | House |
| 13:31 | Crear | Villager (Male) |
| 13:44 | Crear | Skirmisher |
| 13:53 | Crear | Spearman |
| 13:58 | Construir | House |
| 14:13 | Construir | Blacksmith |
| 14:17 | Crear | Villager (Male) |
| 14:19 | Construir | House |
| 14:23 | Crear | Villager (Male) |
| 14:40 | Construir | Farm |
| 14:43 | Construir | House |
| 14:56 | Construir | Watch Tower |
| 14:57 | Crear | Villager (Male) |
| 15:12 | Construir | Palisade Wall |
| 15:13 | Construir | House |
| 15:16 | Construir | Palisade Wall |
| 15:20 | Crear | Villager (Male) |
| 15:24 | Crear | Skirmisher |
| 15:32 | Crear | Skirmisher |
| 15:47 | Construir | House |
| 15:53 | Crear | Skirmisher |
| 15:55 | Crear | Villager (Male) |
| 16:05 | Crear | Skirmisher |
| 16:05 | Crear | Skirmisher |
| 16:22 | Investigar | Fletching |
| 16:23 | Investigar | Fletching |
| 16:23 | Crear | Villager (Male) |
| 16:45 | Crear | Villager (Male) |
| 16:54 | Construir | House |
| 17:01 | Crear | Skirmisher |
| 17:16 | Crear | Villager (Male) |
| 17:57 | Construir | House |
| 18:11 | Crear | Villager (Male) |
| 18:19 | Construir | Watch Tower |
| 18:24 | Crear | Villager (Male) |
| 18:34 | Construir | House |
| 18:39 | Construir | Farm |
| 18:39 | Construir | Farm |
| 18:39 | Construir | Farm |
| 18:48 | Construir | Market |
| 18:50 | Investigar | Horse Collar |
| 18:51 | Crear | Villager (Male) |
| 19:01 | Construir | Farm |
| 19:01 | Construir | Farm |
| 19:03 | Crear | Villager (Male) |
| 19:11 | Crear | Villager (Male) |
| 19:20 | Crear | Villager (Male) |
| 19:27 | Crear | Villager (Male) |
| 19:50 | Construir | Lumber Camp |
| 20:07 | Crear | Villager (Male) |
| 20:17 | Construir | Mining Camp |
| 20:21 | Crear | Villager (Male) |
| 20:31 | Crear | Villager (Male) |
| 20:49 | Crear | Villager (Male) |
| 21:00 | Crear | Villager (Male) |
| 21:06 | Crear | Villager (Male) |
| 21:22 | Crear | Villager (Male) |
| 21:34 | Construir | Farm |
| 21:34 | Construir | Farm |
| 21:34 | Construir | Farm |
| 21:34 | Construir | Farm |
| 21:35 | Construir | Farm |
| 22:07 | Crear | Villager (Male) |
| 22:20 | Investigar | Castle Age |
| 22:20 | Investigar | Castle Age |
| 22:41 | Crear | Skirmisher |
| 23:02 | Construir | Watch Tower |
| 23:05 | Crear | Skirmisher |
| 23:10 | Investigar | Gold Mining |
| 23:23 | Construir | Palisade Gate |
| 23:25 | Construir | Palisade Wall |
| 23:39 | Investigar | Stone Mining |
| 25:12 | Edad | Edad de los Castillos |
| 25:16 | Crear | Villager (Male) |
| 25:18 | Investigar | Bodkin Arrow |
| 25:20 | Crear | Skirmisher |
| 25:20 | Crear | Skirmisher |
| 25:24 | Crear | Villager (Male) |
| 25:52 | Crear | Villager (Male) |
| 26:09 | Construir | Castle |
| 26:17 | Crear | Villager (Male) |
| 26:30 | Investigar | Bow Saw |
| 26:35 | Crear | Villager (Male) |
Build order — [DH]Misratronic
Primeras 150 de 467 acciones detectadas
| 0:01 | Crear | Villager (Male) |
| 0:01 | Crear | Villager (Male) |
| 0:02 | Crear | Villager (Male) |
| 0:03 | Construir | House |
| 0:03 | Construir | House |
| 0:26 | Crear | Villager (Male) |
| 0:26 | Crear | Villager (Male) |
| 1:32 | Crear | Villager (Male) |
| 1:32 | Crear | Villager (Male) |
| 1:36 | Crear | Villager (Male) |
| 1:36 | Crear | Villager (Male) |
| 2:33 | Crear | Villager (Male) |
| 2:33 | Crear | Villager (Male) |
| 3:10 | Crear | Villager (Male) |
| 3:10 | Crear | Villager (Male) |
| 3:28 | Construir | House |
| 3:46 | Crear | Villager (Male) |
| 4:28 | Crear | Villager (Male) |
| 4:41 | Construir | Mill |
| 4:47 | Crear | Villager (Male) |
| 5:20 | Crear | Villager (Male) |
| 5:40 | Crear | Villager (Male) |
| 5:56 | Crear | Villager (Male) |
| 6:24 | Crear | Villager (Male) |
| 6:29 | Construir | House |
| 6:42 | Crear | Villager (Male) |
| 7:08 | Construir | House |
| 7:16 | Crear | Villager (Male) |
| 8:02 | Crear | Villager (Male) |
| 8:27 | Investigar | Feudal Age |
| 10:29 | Crear | Villager (Male) |
| 10:46 | Edad | Edad Feudal |
| 10:59 | Construir | Blacksmith |
| 11:02 | Construir | Market |
| 11:07 | Crear | Villager (Male) |
| 11:14 | Investigar | Horse Collar |
| 11:31 | Construir | Farm |
| 11:31 | Construir | Farm |
| 11:33 | Construir | Farm |
| 11:33 | Construir | Farm |
| 11:33 | Construir | Farm |
| 11:33 | Construir | Farm |
| 12:09 | Construir | House |
| 12:22 | Crear | Villager (Male) |
| 12:30 | Crear | Villager (Male) |
| 12:34 | Crear | Villager (Male) |
| 12:48 | Investigar | Castle Age |
| 12:58 | Construir | Mule Cart |
| 13:04 | Construir | Farm |
| 13:46 | Construir | Barracks |
| 14:51 | Construir | Stable |
| 14:55 | Investigar | Scale Barding Armor |
| 15:20 | Crear | Villager (Male) |
| 15:25 | Investigar | Double-Bit Axe |
| 15:28 | Edad | Edad de los Castillos |
| 15:45 | Crear | Knight |
| 16:02 | Crear | Knight |
| 16:17 | Crear | Knight |
| 16:22 | Crear | Villager (Male) |
| 16:24 | Crear | Villager (Male) |
| 16:27 | Construir | Town Center |
| 16:39 | Construir | House |
| 17:00 | Crear | Knight |
| 17:14 | Construir | Palisade Wall |
| 17:17 | Construir | House |
| 17:33 | Crear | Villager (Male) |
| 17:33 | Crear | Villager (Male) |
| 17:55 | Crear | Villager (Male) |
| 18:00 | Crear | Villager (Male) |
| 18:03 | Crear | Villager (Male) |
| 18:09 | Crear | Villager (Male) |
| 18:10 | Construir | House |
| 18:12 | Crear | Villager (Male) |
| 18:19 | Construir | Town Center |
| 18:20 | Crear | Villager (Male) |
| 18:29 | Crear | Villager (Male) |
| 18:54 | Construir | Monastery |
| 19:00 | Crear | Villager (Male) |
| 19:34 | Crear | Villager (Male) |
| 19:40 | Crear | Monk |
| 20:00 | Construir | Mule Cart |
| 20:06 | Crear | Villager (Male) |
| 20:07 | Crear | Villager (Male) |
| 20:09 | Construir | Farm |
| 20:09 | Construir | Farm |
| 20:09 | Construir | Farm |
| 20:10 | Construir | Farm |
| 20:10 | Construir | Farm |
| 20:10 | Construir | Farm |
| 20:10 | Construir | Farm |
| 20:28 | Crear | Villager (Male) |
| 20:28 | Crear | Villager (Male) |
| 20:32 | Construir | Farm |
| 20:32 | Construir | Farm |
| 20:32 | Construir | Farm |
| 20:33 | Construir | Farm |
| 20:33 | Construir | Farm |
| 20:41 | Crear | Villager (Male) |
| 21:00 | Crear | Villager (Male) |
| 21:00 | Crear | Villager (Male) |
| 21:07 | Construir | Monastery |
| 21:18 | Crear | Villager (Male) |
| 21:28 | Crear | Villager (Male) |
| 21:28 | Crear | Villager (Male) |
| 21:31 | Construir | Farm |
| 21:31 | Construir | Farm |
| 21:32 | Construir | Farm |
| 21:35 | Crear | Villager (Male) |
| 21:35 | Crear | Villager (Male) |
| 21:49 | Crear | Villager (Male) |
| 21:56 | Crear | Villager (Male) |
| 22:01 | Crear | Villager (Male) |
| 22:01 | Crear | Villager (Male) |
| 22:14 | Crear | Villager (Male) |
| 22:21 | Crear | Villager (Male) |
| 22:21 | Crear | Villager (Male) |
| 22:27 | Construir | Town Center |
| 22:28 | Crear | Villager (Male) |
| 22:34 | Crear | Villager (Male) |
| 22:34 | Crear | Villager (Male) |
| 22:35 | Crear | Villager (Male) |
| 22:35 | Crear | Villager (Male) |
| 22:40 | Construir | Farm |
| 22:41 | Construir | Farm |
| 22:41 | Construir | Farm |
| 22:41 | Construir | Farm |
| 22:41 | Construir | Farm |
| 22:41 | Construir | Farm |
| 22:46 | Crear | Villager (Male) |
| 23:01 | Crear | Villager (Male) |
| 23:09 | Construir | House |
| 23:11 | Construir | House |
| 23:14 | Crear | Villager (Male) |
| 23:24 | Construir | Farm |
| 23:24 | Construir | Farm |
| 23:26 | Investigar | Bow Saw |
| 23:26 | Investigar | Bow Saw |
| 23:38 | Crear | Villager (Male) |
| 23:42 | Crear | Villager (Male) |
| 23:42 | Crear | Villager (Male) |
| 23:46 | Construir | Farm |
| 23:46 | Construir | Farm |
| 23:47 | Construir | Farm |
| 23:47 | Construir | Farm |
| 23:49 | Crear | Villager (Male) |
| 23:53 | Crear | Villager (Male) |
| 24:25 | Investigar | Fletching |
| 24:26 | Crear | Villager (Male) |
| 24:30 | Investigar | Town Watch |
| 24:37 | Investigar | Wheelbarrow |
Build order — Kuecken_das_Vollstrecker
Primeras 150 de 512 acciones detectadas
| 0:02 | Crear | Villager (Male) |
| 0:02 | Crear | Villager (Male) |
| 0:02 | Crear | Villager (Male) |
| 0:03 | Construir | House |
| 0:04 | Construir | House |
| 0:24 | Crear | Villager (Male) |
| 1:28 | Crear | Villager (Male) |
| 1:28 | Crear | Villager (Male) |
| 1:47 | Construir | Lumber Camp |
| 1:52 | Construir | Lumber Camp |
| 1:55 | Crear | Villager (Male) |
| 1:55 | Crear | Villager (Male) |
| 2:27 | Crear | Villager (Male) |
| 2:27 | Crear | Villager (Male) |
| 2:52 | Crear | Villager (Male) |
| 3:00 | Crear | Villager (Male) |
| 3:25 | Construir | House |
| 3:45 | Crear | Villager (Male) |
| 4:12 | Construir | House |
| 4:23 | Crear | Villager (Male) |
| 4:24 | Crear | Villager (Male) |
| 4:24 | Crear | Villager (Male) |
| 4:53 | Construir | House |
| 5:13 | Crear | Villager (Male) |
| 5:13 | Crear | Villager (Male) |
| 5:41 | Crear | Villager (Male) |
| 5:56 | Crear | Villager (Male) |
| 6:11 | Crear | Villager (Male) |
| 6:22 | Crear | Villager (Male) |
| 6:35 | Crear | Villager (Male) |
| 6:51 | Crear | Villager (Male) |
| 7:08 | Construir | Mill |
| 7:50 | Construir | Mining Camp |
| 8:00 | Investigar | Feudal Age |
| 8:07 | Crear | Villager (Male) |
| 8:09 | Investigar | Feudal Age |
| 8:18 | Investigar | Loom |
| 8:18 | Crear | Villager (Male) |
| 8:20 | Investigar | Feudal Age |
| 9:11 | Crear | Villager (Male) |
| 9:25 | Crear | Villager (Male) |
| 11:11 | Edad | Edad Feudal |
| 11:13 | Construir | Market |
| 11:16 | Construir | Blacksmith |
| 11:42 | Crear | Villager (Male) |
| 11:42 | Crear | Villager (Male) |
| 12:13 | Investigar | Castle Age |
| 12:43 | Construir | House |
| 12:44 | Construir | House |
| 12:50 | Construir | Farm |
| 12:52 | Construir | Farm |
| 12:53 | Construir | Farm |
| 13:01 | Investigar | Horse Collar |
| 13:18 | Crear | Villager (Male) |
| 13:25 | Construir | Farm |
| 13:43 | Investigar | Double-Bit Axe |
| 13:43 | Investigar | Double-Bit Axe |
| 14:53 | Edad | Edad de los Castillos |
| 14:57 | Construir | Town Center |
| 14:59 | Crear | Villager (Male) |
| 15:08 | Construir | Farm |
| 15:10 | Construir | Farm |
| 15:10 | Construir | Farm |
| 15:12 | Crear | Villager (Male) |
| 15:13 | Crear | Villager (Male) |
| 15:16 | Crear | Villager (Male) |
| 15:44 | Construir | Farm |
| 15:45 | Construir | Farm |
| 15:47 | Crear | Villager (Male) |
| 16:09 | Crear | Villager (Male) |
| 16:35 | Crear | Villager (Male) |
| 16:38 | Investigar | Bow Saw |
| 16:57 | Construir | Farm |
| 16:58 | Construir | Farm |
| 17:00 | Construir | Farm |
| 17:01 | Crear | Villager (Male) |
| 17:01 | Crear | Villager (Male) |
| 17:21 | Crear | Villager (Male) |
| 17:22 | Crear | Villager (Male) |
| 17:22 | Crear | Villager (Male) |
| 17:29 | Crear | Villager (Male) |
| 17:29 | Crear | Villager (Male) |
| 17:48 | Crear | Villager (Male) |
| 17:59 | Crear | Villager (Male) |
| 18:12 | Crear | Villager (Male) |
| 18:12 | Crear | Villager (Male) |
| 18:19 | Construir | Town Center |
| 18:21 | Crear | Villager (Male) |
| 18:22 | Crear | Villager (Male) |
| 18:27 | Construir | Farm |
| 18:28 | Construir | Farm |
| 18:28 | Construir | Farm |
| 18:28 | Construir | Farm |
| 18:28 | Construir | Farm |
| 18:29 | Construir | Farm |
| 18:42 | Crear | Villager (Male) |
| 18:52 | Crear | Villager (Male) |
| 18:58 | Crear | Villager (Male) |
| 18:58 | Crear | Villager (Male) |
| 19:17 | Crear | Villager (Male) |
| 19:24 | Construir | Lumber Camp |
| 19:26 | Crear | Villager (Male) |
| 19:37 | Crear | Villager (Male) |
| 19:50 | Construir | House |
| 19:52 | Construir | House |
| 19:52 | Construir | House |
| 19:53 | Construir | House |
| 19:54 | Crear | Villager (Male) |
| 19:55 | Crear | Villager (Male) |
| 20:05 | Investigar | Town Watch |
| 20:11 | Crear | Villager (Male) |
| 20:25 | Crear | Villager (Male) |
| 20:25 | Crear | Villager (Male) |
| 20:29 | Construir | Farm |
| 20:32 | Construir | Farm |
| 20:34 | Construir | Farm |
| 20:36 | Crear | Villager (Male) |
| 20:36 | Crear | Villager (Male) |
| 20:43 | Crear | Villager (Male) |
| 20:44 | Crear | Villager (Male) |
| 21:07 | Crear | Villager (Male) |
| 21:07 | Crear | Villager (Male) |
| 21:11 | Crear | Villager (Male) |
| 21:19 | Construir | Barracks |
| 21:23 | Crear | Villager (Male) |
| 21:24 | Crear | Villager (Male) |
| 21:28 | Construir | Farm |
| 21:30 | Construir | Farm |
| 21:32 | Construir | Farm |
| 21:34 | Construir | Farm |
| 21:35 | Investigar | Gold Mining |
| 21:51 | Investigar | Heavy Plow |
| 21:52 | Crear | Villager (Male) |
| 21:53 | Crear | Villager (Male) |
| 22:07 | Crear | Villager (Male) |
| 22:07 | Crear | Villager (Male) |
| 22:09 | Crear | Villager (Male) |
| 22:09 | Crear | Villager (Male) |
| 22:13 | Construir | Lumber Camp |
| 22:17 | Crear | Villager (Male) |
| 22:17 | Crear | Villager (Male) |
| 22:28 | Construir | Stable |
| 22:30 | Construir | Stable |
| 22:31 | Crear | Villager (Male) |
| 22:33 | Crear | Villager (Male) |
| 22:33 | Crear | Villager (Male) |
| 22:43 | Construir | Lumber Camp |
| 22:49 | Construir | Mill |
| 22:50 | Construir | Farm |
| 22:50 | Construir | Farm |
Build order — Leo.md
Primeras 150 de 331 acciones detectadas
| 0:00 | Crear | Villager (Male) |
| 0:01 | Crear | Villager (Male) |
| 0:02 | Construir | House |
| 0:03 | Construir | House |
| 0:17 | Crear | Villager (Male) |
| 0:18 | Crear | Villager (Male) |
| 0:18 | Crear | Villager (Male) |
| 0:18 | Crear | Villager (Male) |
| 1:18 | Crear | Villager (Male) |
| 1:19 | Crear | Villager (Male) |
| 1:39 | Crear | Villager (Male) |
| 2:15 | Construir | Lumber Camp |
| 2:17 | Crear | Villager (Male) |
| 2:31 | Crear | Villager (Male) |
| 2:32 | Crear | Villager (Male) |
| 2:50 | Crear | Villager (Male) |
| 3:00 | Crear | Villager (Male) |
| 3:00 | Crear | Villager (Male) |
| 3:22 | Crear | Villager (Male) |
| 3:22 | Crear | Villager (Male) |
| 4:05 | Construir | House |
| 4:10 | Crear | Villager (Male) |
| 4:10 | Crear | Villager (Male) |
| 4:13 | Construir | House |
| 4:15 | Crear | Villager (Male) |
| 4:43 | Construir | Mill |
| 4:48 | Crear | Villager (Male) |
| 5:15 | Crear | Villager (Male) |
| 5:15 | Crear | Villager (Male) |
| 5:27 | Crear | Villager (Male) |
| 5:28 | Crear | Villager (Male) |
| 6:27 | Crear | Villager (Male) |
| 6:52 | Construir | Mining Camp |
| 6:57 | Construir | Mining Camp |
| 7:28 | Investigar | Feudal Age |
| 8:52 | Crear | Villager (Male) |
| 8:52 | Crear | Villager (Male) |
| 9:30 | Crear | Villager (Male) |
| 9:46 | Edad | Edad Feudal |
| 9:48 | Construir | Gate |
| 9:52 | Construir | Stone Wall |
| 9:57 | Construir | Stone Wall |
| 10:02 | Construir | Stone Wall |
| 10:04 | Crear | Villager (Male) |
| 10:26 | Construir | Market |
| 10:29 | Construir | Blacksmith |
| 10:34 | Construir | House |
| 10:50 | Construir | Stone Wall |
| 11:11 | Construir | House |
| 11:43 | Investigar | Castle Age |
| 12:17 | Investigar | Double-Bit Axe |
| 12:34 | Construir | Gate |
| 12:42 | Investigar | Horse Collar |
| 12:42 | Investigar | Horse Collar |
| 12:55 | Crear | Villager (Male) |
| 14:23 | Edad | Edad de los Castillos |
| 14:25 | Construir | Town Center |
| 14:34 | Construir | Town Center |
| 14:41 | Crear | Villager (Male) |
| 14:41 | Crear | Villager (Male) |
| 15:18 | Construir | Palisade Gate |
| 15:21 | Construir | Palisade Wall |
| 16:19 | Construir | Castle |
| 16:26 | Crear | Villager (Male) |
| 16:43 | Investigar | Loom |
| 16:48 | Construir | Farm |
| 16:49 | Construir | Farm |
| 16:50 | Construir | Farm |
| 16:54 | Construir | Farm |
| 16:56 | Construir | Farm |
| 17:21 | Crear | Longbowman |
| 17:40 | Crear | Longbowman |
| 18:04 | Crear | Longbowman |
| 18:04 | Crear | Longbowman |
| 18:05 | Crear | Longbowman |
| 18:18 | Construir | Gate |
| 18:29 | Construir | Siege Workshop |
| 18:31 | Crear | Longbowman |
| 18:33 | Crear | Villager (Male) |
| 18:33 | Crear | Villager (Male) |
| 18:36 | Construir | Farm |
| 18:39 | Construir | Farm |
| 18:55 | Construir | Gate |
| 19:03 | Construir | Stone Wall |
| 19:24 | Crear | Mangonel |
| 19:36 | Crear | Villager (Male) |
| 19:37 | Crear | Villager (Male) |
| 19:59 | Crear | Villager (Male) |
| 20:12 | Construir | Farm |
| 20:13 | Construir | Farm |
| 20:22 | Construir | Farm |
| 20:23 | Construir | Farm |
| 20:26 | Crear | Villager (Male) |
| 20:38 | Crear | Longbowman |
| 20:41 | Crear | Mangonel |
| 21:24 | Crear | Longbowman |
| 21:25 | Crear | Villager (Male) |
| 21:26 | Construir | Farm |
| 21:29 | Construir | Farm |
| 21:30 | Construir | Farm |
| 22:03 | Crear | Villager (Male) |
| 22:12 | Crear | Villager (Male) |
| 22:16 | Crear | Longbowman |
| 22:17 | Crear | Villager (Male) |
| 22:18 | Crear | Villager (Male) |
| 22:45 | Crear | Villager (Male) |
| 22:45 | Crear | Villager (Male) |
| 23:01 | Crear | Longbowman |
| 23:01 | Crear | Longbowman |
| 23:02 | Crear | Villager (Male) |
| 23:16 | Crear | Villager (Male) |
| 23:23 | Crear | Villager (Male) |
| 23:24 | Crear | Villager (Male) |
| 23:29 | Construir | Farm |
| 23:29 | Construir | Farm |
| 23:30 | Construir | Farm |
| 23:32 | Construir | Farm |
| 23:34 | Construir | Farm |
| 23:35 | Crear | Villager (Male) |
| 23:48 | Crear | Villager (Male) |
| 23:48 | Crear | Villager (Male) |
| 23:49 | Crear | Villager (Male) |
| 24:11 | Crear | Villager (Male) |
| 24:29 | Crear | Villager (Male) |
| 24:30 | Crear | Villager (Male) |
| 24:55 | Construir | Farm |
| 24:55 | Construir | Farm |
| 24:56 | Construir | Farm |
| 24:56 | Construir | Farm |
| 24:56 | Construir | Farm |
| 25:18 | Crear | Villager (Male) |
| 25:19 | Investigar | Wheelbarrow |
| 25:20 | Crear | Villager (Male) |
| 25:39 | Crear | Longbowman |
| 25:40 | Crear | Villager (Male) |
| 25:40 | Crear | Villager (Male) |
| 25:45 | Construir | Farm |
| 26:08 | Crear | Villager (Male) |
| 26:09 | Crear | Villager (Male) |
| 26:15 | Construir | Lumber Camp |
| 26:15 | Investigar | Bow Saw |
| 26:50 | Crear | Longbowman |
| 27:16 | Crear | Villager (Male) |
| 27:16 | Crear | Villager (Male) |
| 27:17 | Crear | Villager (Male) |
| 27:29 | Construir | Castle |
| 28:28 | Investigar | Imperial Age |
| 28:54 | Construir | Town Center |
| 29:09 | Investigar | Heavy Plow |
| 29:16 | Crear | Villager (Male) |
Build order — HopeDerWal.AoE
Primeras 150 de 396 acciones detectadas
| 0:02 | Crear | Villager (Male) |
| 0:02 | Crear | Villager (Male) |
| 0:03 | Crear | Villager (Male) |
| 0:06 | Construir | House |
| 0:11 | Construir | House |
| 0:32 | Crear | Villager (Male) |
| 1:43 | Crear | Villager (Male) |
| 1:56 | Construir | Lumber Camp |
| 2:06 | Crear | Villager (Male) |
| 2:30 | Crear | Villager (Male) |
| 3:00 | Crear | Villager (Male) |
| 3:00 | Crear | Villager (Male) |
| 3:01 | Crear | Villager (Male) |
| 3:33 | Construir | House |
| 3:38 | Crear | Villager (Male) |
| 3:43 | Construir | House |
| 3:50 | Crear | Villager (Male) |
| 4:25 | Construir | Mill |
| 4:37 | Crear | Villager (Male) |
| 4:37 | Crear | Villager (Male) |
| 4:52 | Crear | Villager (Male) |
| 4:57 | Crear | Villager (Male) |
| 5:25 | Crear | Villager (Male) |
| 5:25 | Crear | Villager (Male) |
| 6:27 | Crear | Villager (Male) |
| 6:59 | Crear | Villager (Male) |
| 7:35 | Investigar | Feudal Age |
| 7:36 | Investigar | Feudal Age |
| 8:13 | Crear | Villager (Male) |
| 8:13 | Crear | Villager (Male) |
| 8:19 | Construir | Barracks |
| 9:45 | Edad | Edad Feudal |
| 9:47 | Construir | Stable |
| 10:24 | Crear | Villager (Male) |
| 10:28 | Construir | Stable |
| 10:43 | Construir | House |
| 10:45 | Crear | Scout Cavalry |
| 10:45 | Crear | Scout Cavalry |
| 10:46 | Crear | Scout Cavalry |
| 10:57 | Crear | Villager (Male) |
| 11:06 | Crear | Villager (Male) |
| 11:11 | Construir | Farm |
| 11:14 | Construir | Farm |
| 11:17 | Crear | Scout Cavalry |
| 11:17 | Crear | Scout Cavalry |
| 11:21 | Construir | House |
| 11:27 | Crear | Villager (Male) |
| 11:49 | Crear | Scout Cavalry |
| 11:49 | Crear | Scout Cavalry |
| 11:55 | Construir | House |
| 12:39 | Crear | Scout Cavalry |
| 12:39 | Crear | Scout Cavalry |
| 12:40 | Crear | Villager (Male) |
| 12:41 | Construir | House |
| 12:53 | Crear | Villager (Male) |
| 12:56 | Construir | Farm |
| 12:57 | Construir | Farm |
| 13:06 | Crear | Villager (Male) |
| 13:09 | Construir | Farm |
| 13:13 | Construir | House |
| 13:43 | Construir | Farm |
| 13:45 | Crear | Villager (Male) |
| 14:00 | Construir | House |
| 14:09 | Crear | Villager (Male) |
| 14:09 | Crear | Villager (Male) |
| 14:26 | Construir | Farm |
| 14:52 | Crear | Villager (Male) |
| 14:52 | Crear | Villager (Male) |
| 14:54 | Construir | Farm |
| 15:25 | Construir | Blacksmith |
| 15:38 | Crear | Villager (Male) |
| 15:46 | Construir | Farm |
| 15:48 | Construir | Farm |
| 16:13 | Construir | Farm |
| 16:15 | Construir | Mining Camp |
| 16:24 | Construir | House |
| 16:40 | Construir | Farm |
| 16:40 | Crear | Villager (Male) |
| 16:48 | Crear | Villager (Male) |
| 16:59 | Construir | House |
| 17:33 | Construir | Farm |
| 17:38 | Crear | Villager (Male) |
| 17:56 | Construir | Farm |
| 18:16 | Construir | Stone Wall |
| 18:18 | Construir | Gate |
| 18:32 | Investigar | Castle Age |
| 18:32 | Investigar | Castle Age |
| 18:45 | Construir | Farm |
| 18:46 | Construir | Farm |
| 19:12 | Construir | Stone Wall |
| 19:19 | Crear | Villager (Male) |
| 19:20 | Crear | Villager (Male) |
| 19:22 | Investigar | Double-Bit Axe |
| 19:23 | Investigar | Double-Bit Axe |
| 19:23 | Investigar | Double-Bit Axe |
| 20:06 | Construir | House |
| 20:13 | Investigar | Horse Collar |
| 20:14 | Investigar | Horse Collar |
| 20:39 | Construir | Market |
| 20:46 | Construir | House |
| 20:49 | Investigar | Bloodlines |
| 20:50 | Investigar | Bloodlines |
| 21:12 | Edad | Edad de los Castillos |
| 21:14 | Crear | Knight |
| 21:15 | Crear | Knight |
| 21:15 | Crear | Knight |
| 21:22 | Construir | Farm |
| 21:28 | Construir | Town Center |
| 21:42 | Construir | Farm |
| 22:05 | Crear | Knight |
| 22:06 | Crear | Knight |
| 22:06 | Crear | Knight |
| 22:07 | Crear | Villager (Male) |
| 22:07 | Crear | Villager (Male) |
| 22:10 | Construir | Farm |
| 22:23 | Crear | Knight |
| 22:23 | Crear | Knight |
| 22:23 | Crear | Knight |
| 22:25 | Crear | Villager (Male) |
| 22:27 | Construir | Farm |
| 22:41 | Crear | Knight |
| 22:41 | Crear | Knight |
| 22:45 | Construir | Farm |
| 22:46 | Crear | Villager (Male) ×2 |
| 22:48 | Construir | Farm |
| 22:49 | Construir | Farm |
| 23:16 | Crear | Knight |
| 23:16 | Crear | Knight |
| 23:31 | Crear | Villager (Male) ×4 |
| 23:38 | Construir | Farm |
| 23:39 | Construir | Farm |
| 23:41 | Crear | Villager (Male) |
| 23:53 | Construir | Farm |
| 24:14 | Crear | Knight |
| 24:14 | Crear | Knight |
| 24:15 | Crear | Knight |
| 24:15 | Crear | Knight |
| 24:16 | Crear | Villager (Male) ×2 |
| 24:18 | Construir | Farm |
| 24:36 | Crear | Knight |
| 24:36 | Crear | Knight |
| 24:47 | Construir | Farm |
| 24:53 | Crear | Villager (Male) ×4 |
| 24:59 | Construir | Farm |
| 25:00 | Crear | Villager (Male) |
| 25:04 | Construir | Farm |
| 25:16 | Crear | Villager (Male) ×3 |
| 25:22 | Construir | Farm |
| 25:34 | Construir | Farm |
| 25:40 | Crear | Villager (Male) ×3 |
Cronología de la partida
| 4:39 | [CL] Valen · wall_segment Palisade Wall x1 |
| 7:22 | [CL] Valen · first_building Barracks |
| 7:53 | JimmyButler_AoE · wall_segment Palisade Wall x1 |
| 8:12 | TimmyDerWal.AoE · first_building Barracks |
| 8:19 | HopeDerWal.AoE · first_building Barracks |
| 9:07 | [CL] Valen · age_up feudal |
| 9:08 | [CL] Valen · first_building Archery Range |
| 9:32 | TimmyDerWal.AoE · age_up feudal |
| 9:34 | TimmyDerWal.AoE · first_building Archery Range |
| 9:45 | HopeDerWal.AoE · age_up feudal |
| 9:46 | Leo.md · age_up feudal |
| 9:47 | HopeDerWal.AoE · first_building Stable |
| 9:52 | Leo.md · wall_segment Stone Wall x10 |
| 9:57 | Leo.md · wall_segment Stone Wall x12 |
| 10:02 | Leo.md · wall_segment Stone Wall x1 |
| 10:23 | JimmyButler_AoE · age_up feudal |
| 10:28 | TimmyDerWal.AoE · wall_segment Palisade Wall x1 |
| 10:29 | TimmyDerWal.AoE · wall_segment Palisade Wall x1 |
| 10:46 | [DH]Misratronic · age_up feudal |
| 10:50 | Leo.md · wall_segment Stone Wall x8 |
| 10:58 | Alvaro · age_up feudal |
| 11:11 | Kuecken_das_Vollstrecker · age_up feudal |
| 11:41 | Leo.md · first_market_sell 100 wood |
| 12:04 | Kuecken_das_Vollstrecker · first_market_sell 100 wood |
| 12:06 | Kuecken_das_Vollstrecker · first_market_buy 100 food |
| 12:16 | JimmyButler_AoE · first_market_sell 100 stone |
| 13:46 | [DH]Misratronic · first_building Barracks |
| 14:23 | Leo.md · age_up castle |
| 14:51 | [DH]Misratronic · first_building Stable |
| 14:53 | Kuecken_das_Vollstrecker · age_up castle |
| 14:53 | Alvaro · age_up castle |
| 14:58 | JimmyButler_AoE · age_up castle |
| 15:12 | [CL] Valen · wall_segment Palisade Wall x9 |
| 15:16 | [CL] Valen · wall_segment Palisade Wall x1 |
| 15:21 | Leo.md · wall_segment Palisade Wall x1 |
| 15:21 | JimmyButler_AoE · first_building Castle |
| 15:28 | [DH]Misratronic · age_up castle |
| 15:31 | JimmyButler_AoE · wall_segment Palisade Wall x1 |
| 16:19 | Leo.md · first_building Castle |
| 16:27 | JimmyButler_AoE · first_building Siege Workshop |
| 17:14 | [DH]Misratronic · wall_segment Palisade Wall x7 |
| 18:16 | HopeDerWal.AoE · wall_segment Stone Wall x9 |
| 18:29 | TimmyDerWal.AoE · first_market_sell 100 wood |
| 18:29 | Leo.md · first_building Siege Workshop |
| 18:32 | TimmyDerWal.AoE · first_market_buy 100 stone |
| 18:54 | [DH]Misratronic · first_building Monastery |
| 19:03 | Leo.md · wall_segment Stone Wall x1 |
| 19:12 | HopeDerWal.AoE · wall_segment Stone Wall x13 |
| 19:39 | [CL] Valen · first_market_sell 100 wood |
| 19:50 | JimmyButler_AoE · first_building Monastery |
| 20:01 | JimmyButler_AoE · first_market_buy 100 food |
| 21:12 | HopeDerWal.AoE · age_up castle |
| 21:19 | Kuecken_das_Vollstrecker · first_building Barracks |
| 21:56 | [CL] Valen · first_market_buy 100 food |
| 22:28 | Kuecken_das_Vollstrecker · first_building Stable |
| 22:36 | Alvaro · first_building Barracks |
| 23:25 | [CL] Valen · wall_segment Palisade Wall x1 |
| 23:32 | Alvaro · first_building Stable |
| 23:36 | Kuecken_das_Vollstrecker · wall_segment Palisade Wall x8 |
| 24:39 | Alvaro · first_building Siege Workshop |
| 24:49 | [DH]Misratronic · wall_segment Palisade Wall x2 |
| 24:49 | [DH]Misratronic · wall_segment Palisade Wall x1 |
| 25:12 | [CL] Valen · age_up castle |
| 25:27 | [DH]Misratronic · first_market_buy 100 stone |
| 26:02 | HopeDerWal.AoE · first_market_buy 100 stone |
| 26:09 | [CL] Valen · first_building Castle |
| 26:31 | TimmyDerWal.AoE · wall_segment Palisade Wall x4 |
| 26:53 | Alvaro · first_building Castle |
| 27:03 | [DH]Misratronic · first_building Castle |
| 28:22 | Kuecken_das_Vollstrecker · first_building Siege Workshop |
| 28:28 | Alvaro · first_market_sell 500 food |
| 28:28 | Kuecken_das_Vollstrecker · first_building Monastery |
| 28:49 | Alvaro · first_building Monastery |
| 29:28 | [CL] Valen · wall_segment Stone Wall x1 |
| 30:11 | Leo.md · first_market_buy 100 wood |
| 31:08 | TimmyDerWal.AoE · age_up castle |
| 31:15 | HopeDerWal.AoE · first_market_sell 100 wood |
| 31:18 | Alvaro · age_up imperial |
| 31:38 | Leo.md · age_up imperial |
| 31:44 | [DH]Misratronic · first_market_sell 100 food |
| 32:28 | Kuecken_das_Vollstrecker · age_up imperial |
| 33:13 | [CL] Valen · age_up imperial |
| 33:50 | JimmyButler_AoE · wall_segment Palisade Wall x1 |
| 33:59 | TimmyDerWal.AoE · wall_segment Palisade Wall x1 |
| 34:15 | HopeDerWal.AoE · first_building Monastery |
| 34:19 | Leo.md · wall_segment Stone Wall x12 |
| 34:56 | [DH]Misratronic · age_up imperial |
| 35:08 | HopeDerWal.AoE · tribute_sent a jugador 1 |
| 35:08 | HopeDerWal.AoE · tribute_sent a jugador 2 |
| 35:08 | HopeDerWal.AoE · tribute_sent a jugador 3 |
| 35:08 | HopeDerWal.AoE · tribute_sent a jugador 4 |
| 35:08 | HopeDerWal.AoE · tribute_sent a jugador 5 |
| 35:08 | HopeDerWal.AoE · tribute_sent a jugador 6 |
| 35:08 | HopeDerWal.AoE · tribute_sent a jugador 7 |
| 35:23 | TimmyDerWal.AoE · first_building Castle |
| 37:54 | Leo.md · wall_segment Stone Wall x1 |
| 38:07 | TimmyDerWal.AoE · wall_segment Palisade Wall x1 |
| 38:41 | Kuecken_das_Vollstrecker · first_building Castle |
| 38:54 | HopeDerWal.AoE · age_up imperial |
| 40:15 | HopeDerWal.AoE · first_building Castle |
| 40:50 | HopeDerWal.AoE · wall_segment Stone Wall x1 |
| 40:53 | HopeDerWal.AoE · wall_segment Stone Wall x6 |
| 41:58 | HopeDerWal.AoE · wall_segment Stone Wall x8 |
| 45:20 | HopeDerWal.AoE · resign |
[ ANÁLISIS IA · 1 CRÉDITO ]
¿Qué pasó realmente en esta partida?
Wolo.gg analiza cada decisión: build order, eco, micro, errores típicos por bracket. Análisis personalizado por WhatsApp o Discord en 30 segundos.
Guía civ
Sarracenos
Guía mapa
Hideout
Perfil
Jugador #1968236